 Dungeon Crawl Stone Soup version 0.28.0-53-g5a82cb258f (webtiles) character file.

Game seed: 3519560375009740660

8 MiltankisOP the Ruffian (level 2, -1/26 HPs)
             Began as a Naga Transmuter on June 25, 2022.
             Slain by a quokka (5 damage)
             ... on level 1 of the Dungeon.
             The game lasted 00:01:12 (289 turns).

MiltankisOP the Ruffian (Naga Transmuter)            Turns: 289, Time: 00:01:12

Health: -1/26      AC:  1    Str: 12    XL:     2   Next: 8%
Magic:  4/5        EV:  9    Int: 13    God:
Gold:   15         SH:  0    Dex: 11    Spells: 4/5 levels left

rFire   . . .      SeeInvis +     - Unarmed
rCold   . . .      Faith    .   (no shield)
rNeg    . . .      Spirit   .   a - +0 robe
rPois   +          Reflect  .   (helmet currently unavailable)
rElec   .          Harm     .   (no cloak)
rCorr   .          Rampage  .   (no gloves)
Will    .....                   (no barding)
Stlth   +.........              (no amulet)
HPRegen 0.08/turn               (no ring)
MPRegen 0.09/turn               (no ring)

@: appendages (expiring), very slow
A: horns 2, AC +0, large, see invisible, deformed body, poison resistance,
slowness 2, spit poison 1, naga tail 1
a: Spit Poison, End Transformation


You were on level 1 of the Dungeon.
You had temporarily grown beastly horns.
You visited 1 branch of the dungeon, and saw 1 of its levels.

You collected 15 gold pieces.

Inventory:

Armour
 a - a +0 robe (worn)


   Skills:
 * Level 1.8 Fighting
 - Level 1.5 Dodging
 + Level 3.1 Unarmed Combat
 - Level 2.0 Spellcasting
 - Level 2.0 Transmutations


You had 4 spell levels left.
You knew the following spells:

 Your Spells              Type           Power      Damage    Failure   Level
a - Beastly Appendage     Tmut           12%        N/A       11%         1

Your spell library contained the following spells:

 Spells                   Type           Power      Damage    Failure   Level
 Wereblood                Tmut           6%         N/A       17%         2
 Spider Form              Tmut/Pois      3%         N/A       45%         3
 Ice Form                 Ice/Tmut       3%         N/A       86%         4


Dungeon Overview and Level Annotations

Branches:
Dungeon (1/15)

Altars:


Innate Abilities, Weirdness & Mutations

You have temporarily grown beastly horns.
Your serpentine skin is tough. (AC +0)
You have supernaturally acute eyesight. (SInv)
Armour fits poorly on your strangely shaped body.
Your system is resistant to poisons. (rPois)
You cover ground very slowly.
You can spit poison.
You have a snake-like lower body.


Message History

No target in view!
No target in view!
No target in view!
No target in view!
No target in view!
HP restored.
Your horns disappear.
You now have 15 gold pieces.
Things that are here:
a +0 club; a goblin corpse
Found a rapier.
A quokka comes into view.
You see here 8 gold pieces.
A quokka is nearby!
A kobold comes into view. It is wielding a +0 whip.
The kobold shouts!
Casting: Beastly Appendage (safe; 11% risk of failure)
Confirm with . or Enter, or press ? or * to list all spells.
You grow a pair of large bovine horns.
You miss the quokka. The quokka bites you.
A gnoll comes into view. It is wielding a +0 club.
You barely miss the quokka. The quokka barely misses you.
You barely miss the quokka.
The gnoll shouts!
The quokka bites you.
You closely miss the quokka.
Your transformation is almost over.
The quokka bites you. The quokka barely misses you.
You miss the quokka.
An endoplasm comes into view.
The kobold hits you with a +0 whip. The quokka bites you.
You barely miss the quokka. The kobold hits you with a +0 whip.
* * * LOW HITPOINT WARNING * * *
The quokka closely misses you.
You closely miss the quokka.
A goblin comes into view. It is wielding a +0 dagger.
The kobold hits you with a +0 whip.
* * * LOW HITPOINT WARNING * * *
The quokka bites you.
You die...

≈≈≈≈≈≈≈≈≈≈≈≈≈≈≈≈≈...#
≈≈≈≈≈≈≈≈≈≈≈≈≈≈≈≈≈...#
............$.......#
....................####
..................^.....
.................
.......$..........
.....#............
...#.....@Kg......
##....####r...... #.##.
....... #. #. #...J.. ##
..)..g #...## ##... ###


You could see a gnoll, an endoplasm, a quokka, a goblin (wandering) and a
kobold.

Vanquished Creatures
  2 bats (D:1)
  An endoplasm (D:1)
  A goblin (D:1)
  A hobgoblin (D:1)
  A frilled lizard (D:1)
  A rat (D:1)
7 creatures vanquished.

Notes
Turn   | Place    | Note
-------+----------+-------------------------------------------
     0 | D:1      | MiltankisOP the Naga Transmuter began the quest for the
                  | Orb.
     0 | D:1      | Reached XP level 1. HP: 18/18 MP: 3/3
   186 | D:1      | Reached XP level 2. HP: 20/26 MP: 3/5
   289 | D:1      | Slain by a quokka

Illustrated notes

Levels and vault maps discovered:
D:1:      dpeg_arrival_castle, layout_rooms

Action                   || total
-------------------------++-------
Melee: Unarmed           ||    28
 Cast: Beastly Appendage ||     6
 Abil: Spit Poison       ||     4
Armor: Robe              ||     7
Dodge: Dodged            ||    14
